 Dungeon Crawl Stone Soup version 0.26.1-11-gd32895ea62 (webtiles) character file.

Game seed: 1683031382498792661

237088 phalm the Thaumaturge (level 18, 0/135 HPs)
             Began as a Demonspawn Conjurer on June 13, 2021.
             Was the Champion of Vehumet.
             Slain by a spectral eight-headed hydra (1 damage)
             ... on level 4 of the Swamp on June 14, 2021.
             The game lasted 02:53:15 (50240 turns).

phalm the Thaumaturge (Demonspawn Conjurer)        Turns: 50240, Time: 02:53:15

Health: 0/135      AC:  8    Str: 14    XL:     18   Next: 95%
Magic:  0/44       EV: 17    Int: 27    God:    Vehumet [******]
Gold:   1476       SH: 12    Dex: 12    Spells: 8/43 levels left

rFire    + + .     SeeInvis +   C - staff of fire
rCold    + + .     Faith    .   E - +2 buckler
rNeg     . . .     Spirit   +   f - +0 robe "Jad Sate" {*Contam rPois rCorr Stlth+}
rPois    +         Reflect  +   (helmet unavailable)
rElec    +         Harm     .   x - scarf {rC+ rF+}
rCorr    +         Rampage  .   q - +0 pair of gloves
Will     ++++.                  H - +1 pair of boots "Xucy" {Will+++ Int+2}
Stlth    +++.......             o - amulet of reflection
HPRegen  0.32/turn              W - ring of magical power
MPRegen  0.58/turn              L - ring "Wusuot" {*Slow rElec rC+ Str+4 SInv}

@: no potions, very slightly contaminated
A: antennae 3, thin metallic scales 2, demonic guardian 2, augmentation 2, magic
shield, magic regeneration, magic link
}: 1/15 runes: serpentine
a: Renounce Religion


You were on level 4 of the Swamp.
You worshipped Vehumet.
Vehumet was exalted by your worship.
You visited 6 branches of the dungeon, and saw 32 of its levels.
You also visited: Trove, Gauntlet, Ice Cave and Volcano.

You collected 3865 gold pieces.
You spent 2389 gold pieces at shops.


Innate Abilities, Weirdness & Mutations

You have a pair of large antennae on your head. (SInv)
You are mostly covered in thin metallic scales. (AC +3)
A demonic guardian rushes to your aid.
Your magical and physical power is enhanced at high health.
When hurt, damage is shared between your health and your magic reserves.
You regenerate magic rapidly.
When low on magic, you restore magic in place of health.


   Skills:
 + Level 10.2 Fighting
 + Level 9.3 Staves
 - Level 6.0 Throwing
 - Level 4.3 Armour
 + Level 9.5 Dodging
 - Level 1.7 Stealth
 - Level 4.0 Shields
 * Level 13.2 Spellcasting
 + Level 11.1 Conjurations
 - Level 5.0 Hexes
 + Level 7.2 Summonings
 - Level 5.0 Translocations
 - Level 7.0 Transmutations
 - Level 7.0 Fire Magic
 * Level 9.8 Ice Magic
 - Level 6.0 Air Magic
 - Level 9.0 Earth Magic
 - Level 7.0 Poison Magic
 + Level 8.8 Evocations


You had 8 spell levels left.
You knew the following spells:

 Your Spells              Type           Power        Failure   Level
c - Ozocubu's Refrigerat  Ice            31%          2%          6
f - Fulminant Prism       Conj/Hex       28%          1%          4
o - Olgreb's Toxic Radia  Pois           54%          1%          4
p - Spellforged Servitor  Conj/Summ      30%          16%         7
r - Irradiate             Conj/Tmut      30%          1%          5
t - Iron Shot             Conj/Erth      32%          2%          6
Y - Ignite Poison         Fire/Tmut/Pois 70%          1%          3

Your spell library contained the following spells:

 Spells                   Type           Power        Failure   Level
 Lehudib's Crystal Spear  Conj/Erth      32%          58%         8
 Shatter                  Erth           30%          100%        9
 Tornado                  Air            25%          100%        9
 Apportation              Tloc           88%          1%          1
 Corona                   Hex            48%          1%          1
 Foxfire                  Conj/Fire      100%         1%          1
 Magic Dart               Conj           100%         1%          1
 Sandblast                Erth           100%         1%          1
 Shock                    Conj/Air       100%         1%          1
 Sting                    Tmut/Pois      100%         1%          1
 Summon Small Mammal      Summ           100%         1%          1
 Call Imp                 Summ           54%          1%          2
 Corpse Rot               Necr/Air       N/A          1%          2
 Ensorcelled Hibernation  Hex/Ice        100%         1%          2
 Passwall                 Tmut/Erth      47%          1%          2
 Poisonous Vapours        Pois/Air       100%         1%          2
 Searing Ray              Conj           100%         1%          2
 Swiftness                Air            50%          1%          2
 Call Canine Familiar     Summ           54%          1%          3
 Confusing Touch          Hex            44%          1%          3
 Conjure Flame            Conj/Fire      79%          1%          3
 Dazzling Flash           Conj/Hex       100%         1%          3
 Inner Flame              Hex/Fire       66%          1%          3
 Mephitic Cloud           Conj/Pois/Air  57%          1%          3
 Static Discharge         Conj/Air       59%          1%          3
 Stone Arrow              Conj/Erth      100%         1%          3
 Summon Guardian Golem    Hex/Summ       50%          1%          3
 Tukima's Dance           Hex            44%          1%          3
 Airstrike                Air            25%          1%          4
 Hailstorm                Conj/Ice       65%          1%          4
 Iskenderun's Mystic Bla  Conj/Tloc      57%          1%          4
 Petrify                  Tmut/Erth      57%          1%          4
 Sticky Flame             Conj/Fire      79%          1%          4
 Summon Ice Beast         Ice/Summ       59%          1%          4
 Summon Lightning Spire   Summ/Air       52%          1%          4
 Bolt of Magma            Conj/Fire/Erth 39%          1%          5
 Fireball                 Conj/Fire      39%          1%          5
 Iskenderun's Battlesphe  Conj           67%          1%          5
 Lee's Rapid Deconstruct  Erth           30%          1%          5
 Lightning Bolt           Conj/Air       29%          1%          5
 Animate Skeleton         Necr           34%          3%          1
 Pain                     Necr           68%          3%          1
 Freezing Cloud           Conj/Ice/Air   30%          3%          6
 Starburst                Conj/Fire      39%          3%          6
 Summon Forest            Summ/Tloc      25%          7%          5
 Eringya's Noxious Bog    Tmut/Pois      27%          7%          6
 Silence                  Hex/Air        23%          9%          5
 Vampiric Draining        Necr           8%           10%         3
 Borgnjor's Vile Clutch   Necr/Erth      21%          14%         5
 Statue Form              Tmut/Erth      38%          19%         6
 Shadow Creatures         Summ           N/A          24%         6
 Hydra Form               Tmut           27%          26%         6
 Animate Dead             Necr           8%           30%         4
 Agony                    Necr           17%          65%         5
 Summon Hydra             Summ           27%          80%         7
 Dragon Form              Tmut           27%          83%         7
 Ignition                 Fire           35%          94%         8

Inventory:

Missiles
 y - 3 throwing nets {=f!f}
 I - 16 atropa-tipped darts
 N - 10 curare-tipped darts {=f}
Armour
 f - the +0 robe "Jad Sate" (worn) {*Contam rPois rCorr Stlth+}
   (You bought it in a shop on level 2 of the Orcish Mines)

   It protects you from poison.
   It causes magical contamination when unequipped.
   It provides partial protection from all sources of acid and corrosion.
   It makes you more stealthy.
 q - a +0 pair of gloves (worn)
   (You found it on level 9 of the Dungeon)
 x - a scarf of resistance (worn)
   (You found it on level 3 of the Dungeon)
 E - a +2 buckler (worn)
   (You found it on level 12 of the Dungeon)
 G - the cursed +0 leather armour of Amorality {rF- rC+ Dex+2}
   (You found it on level 4 of the Swamp)

   It affects your dexterity (+2).
   It makes you vulnerable to fire.
   It protects you from cold.
   It has a curse placed upon it.
 H - the +1 pair of boots "Xucy" (worn) {Will+++ Int+2}
   (You found it in a Gauntlet)

   It affects your intelligence (+2).
   It affects your willpower, your defense against some magical effects.
 K - a +2 pair of boots of flying
   (You bought it in a shop on level 2 of the Orcish Mines)
Magical Staves
 C - an uncursed staff of fire (weapon)
   (You found it on level 6 of the Dungeon)
Jewellery
 o - an amulet of reflection (around neck)
   (You found it on level 1 of the Swamp)
 L - the ring "Wusuot" (right hand) {*Slow rElec rC+ Str+4 SInv}
   (You found it in a Gauntlet)

   [ring of see invisible]

   It affects your strength (+4).
   It protects you from cold.
   It insulates you from electricity.
   It lets you see invisible.
   It may slow you when you take damage.
 W - a ring of magical power (left hand)
   (You found it on level 7 of the Dungeon)
Wands
 c - a wand of polymorph (20)
   (You found it on level 7 of the Dungeon)
 i - a wand of disintegration (14)
   (You found it on level 2 of the Lair of Beasts)
 n - a wand of iceblast (64)
   (You found it on level 2 of the Dungeon)
 w - a wand of enslavement (32)
   (You found it on level 3 of the Dungeon)
 D - a wand of digging (7)
   (You found it on level 4 of the Snake Pit)
 S - a wand of acid (26)
   (You found it in a Gauntlet)
 T - a wand of flame (30) (quivered)
   (You found it in a Gauntlet)
 Y - a wand of paralysis (42)
   (You found it on level 2 of the Lair of Beasts)
Scrolls
 g - 7 scrolls of blinking {!r}
 j - 10 scrolls of remove curse {@r2}
 l - 11 scrolls of fear
 p - 3 scrolls of enchant weapon
 r - 2 scrolls of vulnerability {!r!r}
 u - 3 scrolls of summoning
 v - a scroll of holy word {unknown}
 B - 3 scrolls of immolation {!r!r}
 F - 17 scrolls of teleportation {@r4}
 J - a scroll of fog
 M - 6 scrolls of magic mapping {!r}
Potions
 a - 2 potions of attraction {!q}
 b - 14 potions of curing {@q1}
 d - 3 potions of cancellation
 e - 6 potions of heal wounds {@q2}
 h - 3 potions of ambrosia
 k - 6 potions of brilliance
 m - 6 potions of haste {@q3}
 s - 3 potions of invisibility
 t - 7 potions of resistance
 z - 4 potions of might
 A - 2 potions of flight
 O - 2 potions of magic
 V - 3 potions of lignification {!q}
Miscellaneous
 Q - a condenser vane
   (You found it in a Gauntlet)
 U - a tin of tremorstones (2/2)
   (You found it in a Gauntlet)

Dungeon Overview and Level Annotations

Branches:
Dungeon (15/15)            Temple (1/1) D:5            Lair (6/6) D:9
  Swamp (4/4) Lair:2        Snake (4/4) Lair:2        Slime (0/5) Lair:6
    Orc (2/2) D:10            Elf (0/3) Orc:2        Vaults (0/5) D:14
 Depths (0/5) D:15          IceCv (visited)         Volcano (visited)
Gauntlet (visited)

Altars:
Ashenzari
Cheibriados
Dithmenos
Elyvilon
Fedhas
Gozag
Hepliaklqana
Kikubaaqudgha
Makhleb
Nemelex Xobeh
Okawaru
Qazlal
Ru
Sif Muna
Trog
Uskayaw
Vehumet
Wu Jian
Xom
Yredelemnul
Zin
The Shining One
Beogh
Jiyva

Shops:
D:5 *   D:11 (   D:13 *   Orc:2 [[(?*   Snake:1 [ Snake:4

* ♣. ♣.♣ { ♣♣♣♣♣.♣♣# {
♣♣♣♣♣♣≈≈≈..♣≈# {
♣♣≈.≈§.≈≈....♣##
♣♣♣.§≈≈≈≈≈≈§.≈≈≈≈#
§8§§§≈≈§.♣.♣≈§≈≈♣###
§§§§≈≈≈≈..≈..≈.Z@♣°##
§§§§§≈≈.≈♣§.≈$≈ZZ≈♣°♣
≈§≈≈≈≈°♣♣....≈≈≈≈≈.♣♣♣♣
≈≈≈≈≈.♣♣##...###....≈≈♣
≈.≈..♣♣ #♣.†♣
##†≈≈.≈.≈≈ ♣♣..≈♣
#..{.♣ ♣≈≈≈≈.≈≈≈ ♣≈..♣
#.{♣{.# ♣#≈≈≈≈≈≈≈
♣♣♣.#♣ W.♣{≈.≈# #≈≈≈≈≈.
♣ ♣## {♣≈. ≈♣...♣
#.≈≈§≈


You could see a spectral eight-headed hydra, a 27-headed hydra zombie and a
six-headed hydra skeleton.


Message History

The spectral eight-headed hydra resists.
The six-headed hydra skeleton resists.
You destroy the flayed ghost!
Vehumet accepts your kill.
The terrible wounds on your body vanish. 😨 HP[+20] MP[-1]
You now have 135 max hp (+1).
You regained 20 hp, and now have 65/135 hp.
You lost 1 mp, and now have 20/44 mp.
A five-headed hydra zombie comes into view.
The six-headed hydra skeleton barely misses you.
The six-headed hydra skeleton bites you.
* * * LOW HITPOINT WARNING * * *
The six-headed hydra skeleton bites you.
* * * LOW HITPOINT WARNING * * *
The six-headed hydra skeleton bites you!
* * * LOW HITPOINT WARNING * * *
You block the six-headed hydra skeleton's attack.
The six-headed hydra skeleton bites you but does no damage.
You block the spectral eight-headed hydra's attack.
The spectral eight-headed hydra bites you but does no damage.
The spectral eight-headed hydra misses you.
The spectral eight-headed hydra bites you!
* * * LOW HITPOINT WARNING * * *
The spectral eight-headed hydra misses you.
The spectral eight-headed hydra closely misses you.
The spectral eight-headed hydra barely misses you.
The spectral eight-headed hydra misses you.
The five-headed hydra zombie moves out of view.
You see here a swamp drake corpse. 😨 HP[-17] MP[-4]
You take 17 damage, and now have 48/135 hp.
You lost 4 mp, and now have 16/44 mp.
Press: ? - help, v - describe, . - travel
Here: a 27-headed hydra zombie (lightly damaged)
A stone staircase leading up.
Casting: Ozocubu's Refrigeration (dangerous; 2% risk of failure)
Confirm with . or Enter, or press ? or * to list all spells.
Okay, then.
Press: ? - help, v - describe, . - travel, g - get item
Here: a six-headed hydra skeleton (lightly damaged)
Items here: +0 swamp dragon scales; a swamp dragon corpse.
Some shallow water.
You cannot drink potions in your current state!
Unknown command.
Okay, then.
Casting: Ozocubu's Refrigeration (dangerous; 2% risk of failure)
Confirm with . or Enter, or press ? or * to list all spells.
You erupt in a fountain of uncontrolled magic!
The 27-headed hydra zombie is blasted with magical radiation!!!
The spectral eight-headed hydra is blasted with magical radiation!!
The six-headed hydra skeleton is blasted with magical radiation!!!
You are very lightly contaminated with residual magic.
You block the six-headed hydra skeleton's attack. x2
The six-headed hydra skeleton bites you but does no damage. x2
You block the six-headed hydra skeleton's attack.
The six-headed hydra skeleton bites you.
* * * LOW HITPOINT WARNING * * *
The 27-headed hydra zombie bites you.
* * * LOW HITPOINT WARNING * * *
The 27-headed hydra zombie bites you.
* * * LOW HITPOINT WARNING * * *
The 27-headed hydra zombie bites you but does no damage.
You block the 27-headed hydra zombie's attack.
The 27-headed hydra zombie bites you!
* * * LOW HITPOINT WARNING * * *
The 27-headed hydra zombie completely misses you.
The 27-headed hydra zombie bites you.
* * * LOW HITPOINT WARNING * * *
The 27-headed hydra zombie bites you.
* * * LOW HITPOINT WARNING * * *
The 27-headed hydra zombie bites you.
* * * LOW HITPOINT WARNING * * *
The 27-headed hydra zombie bites you but does no damage.
You block the 27-headed hydra zombie's attack.
The 27-headed hydra zombie closely misses you.
The 27-headed hydra zombie bites you.
* * * LOW HITPOINT WARNING * * *
You block the 27-headed hydra zombie's attack.
The 27-headed hydra zombie bites you.
* * * LOW HITPOINT WARNING * * *
The 27-headed hydra zombie bites you.
* * * LOW HITPOINT WARNING * * *
The 27-headed hydra zombie bites you.
* * * LOW HITPOINT WARNING * * *
The 27-headed hydra zombie bites you.
* * * LOW HITPOINT WARNING * * *
The 27-headed hydra zombie completely misses you.
The 27-headed hydra zombie bites you.
* * * LOW HITPOINT WARNING * * *
The 27-headed hydra zombie bites you but does no damage.
You block the 27-headed hydra zombie's attack.
The 27-headed hydra zombie bites you but does no damage.
The 27-headed hydra zombie misses you.
The 27-headed hydra zombie closely misses you.
The 27-headed hydra zombie completely misses you.
You block the 27-headed hydra zombie's attack.
The spectral eight-headed hydra completely misses you.
The spectral eight-headed hydra bites you.
You die...

Skill      XL: |  1  2  3  4  5  6  7  8  9 10 11 12 13 14 15 16 17 18 |
---------------+-------------------------------------------------------+-----
Spellcasting   | 3 4 5 6 7 8 9 10 11 12 13 | 13.2
Conjurations   | 5 6 7 8 9 10 11 | 11.1
Translocations | 1 2 4 5 |  5.0
Transmutations | 1 3 5 6 7 |  7.0
Hexes          | 2 3 4 5 |  5.0
Dodging        | 2 3 4 5 6 7 8 9 |  9.5
Fighting       | 1 2 4 5 6 7 8 9 10 | 10.2
Staves         | 1 2 3 4 5 6 7 8 9 |  9.3
Armour         | 1 2 3 4 |  4.3
Air Magic      | 2 4 5 6 |  6.0
Poison Magic   | 2 4 5 7 |  7.0
Fire Magic     | 1 3 5 7 |  7.0
Evocations     | 2 3 4 6 7 8 |  8.8
Shields        | 1 3 4 |  4.0
Ice Magic      | 1 3 4 5 7 8 9 |  9.8
Earth Magic    | 3 5 7 8 9 |  9.0
Throwing       | 3 4 5 6 |  6.0
Summonings     | 2 5 6 7 |  7.2
Stealth        | |  1.7

Action                   |  1- 3 |  4- 6 |  7- 9 | 10-12 | 13-15 | 16-18 || total
-------------------------+-------+-------+-------+-------+-------+-------++-------
Melee: Dagger            |    10 |    24 |       |       |       |       ||    34
       Falchion          |       |    46 |    14 |       |       |       ||    60
       Staff             |       |       |    58 |    77 |   531 |   363 ||  1029
       Quarterstaff      |       |       |     1 |       |       |       ||     1
 Cast: Magic Dart        |    61 |   109 |   184 |   102 |   171 |    30 ||   657
       Searing Ray       |     2 |    11 |    54 |    76 |    53 |       ||   196
       Iskenderun's Myst |       |     2 |     1 |       |       |       ||     3
       Fulminant Prism   |       |       |     3 |       |     8 |     1 ||    12
       Irradiate         |       |       |     1 |     4 |    25 |    21 ||    51
       Olgreb's Toxic Ra |       |       |       |    46 |   240 |   180 ||   466
       Ignite Poison     |       |       |       |     8 |    69 |    71 ||   148
       Iron Shot         |       |       |       |       |     4 |   171 ||   175
       Ozocubu's Refrige |       |       |       |       |       |    80 ||    80
Evoke: Wand              |       |     3 |     5 |    12 |     5 |   110 ||   135
  Use: Potion            |     1 |       |       |     2 |     3 |       ||     6
       Scroll            |       |       |     9 |    10 |    13 |    12 ||    44
 Stab: Sleeping          |       |     2 |     1 |       |       |     6 ||     9
       Distracted        |       |       |       |       |     3 |     1 ||     4
Armor: Robe              |     5 |    13 |    19 |     8 |    59 |    59 ||   163
       Steam dragon scal |       |       |       |    49 |   142 |       ||   191
Dodge: Dodged            |    14 |    73 |    95 |   183 |   554 |   332 ||  1251
Block: Buckler           |       |       |       |       |   131 |   239 ||   370
       Kite shield       |       |       |       |       |     2 |       ||     2
       Reflection        |       |       |       |       |       |    27 ||    27
       Rpst.: Falchion   |       |    13 |     5 |       |       |       ||    18

Levels and vault maps discovered:
D:1:      scummos_arrival_forest, layout_rooms
D:2:      layout_rooms, kennysheep_slug_shrine,
          nemelex_xobeh_ov_fountains_minmay, minmay_misc_feat_rows
D:3:      layout_loops_corners, lemuel_crystal_altar, marbit_many_paths,
          kiku_gazebo_garden_becter, chequers_ecumenical_altar_simple_redux,
          lemuel_tele_altar
D:4:      layout_gridville, general_overflow_altar
D:5:      layout_cave_pools, bloody_makhleb, minmay_temple_entry_ruins,
          nicolae_gozag_zags_fifth_avenue, uniq_crazy_yiuf_cottage
D:6:      layout_loops_cross, small_statue_intersection
D:7:      layout_rooms, grunt_temple_overflow_holy_war,
          chequers_temple_overflow_statue_of_worship,
          gammafunk_ghost_nasty_kobolds, uniq_menkaure
D:8:      layout_basic
D:9:      layout_irregular_city, minmay_lair_entry_grove, ebering_ghost_xom,
          minmay_statue_crystal_thing
D:10:     layout_basic, david_orc_1_choice, minmay_misc_feat_x,
          serial_park_tiny_2, uniq_grum
D:11:     layout_grid_maze, basic_altar, serial_shops, shop
D:12:     layout_rooms, special_room [special_room_orc], uniq_nergalle,
          uniq_josephine
D:13:     layout_basic, nicolae_good_shop
D:14:     layout_irregular_city, david_vaults_3, serial_bayou_pond_e, the_bakery
D:15:     grunt_enter_depths_snipers, layout_irregular_city,
          nicolae_trove_entry_columns, minmay_door_square
Temple:   nicolae_temple_figure_zero
Lair:1:   layout_cave_pods, uniq_fannar, uniq_maggie
Lair:2:   regret_index_tunnel_blossom, layout_long_grid,
          nicolae_swamp_entry_splash_gauntlet,
          minmay_snake_entry_guardpost_small, gauntlet_entry_generic,
          minmay_stone_trees_small, serial_bayou_shore_b
Lair:3:   layout_cave_pods
Lair:4:   layout_regular_city, grunt_megastairs_4, uniq_urug
Lair:5:   layout_cave_pods, special_room [special_room_mythical_zoo],
          chequers_serial_rivers_marsh
Lair:6:   minmay_lair_end_enchanted_forest, layout_cave_pods,
          dpeg_slime_entry_enclosed_altar, gammafunk_lair_bear_cave,
          grunt_megastairs_5
Swamp:1:  layout_basic_swamp, ebering_ghost_reflecting_pool, serial_swamp_ruin,
          evilmike_swamp_ruin_house_6, evilmike_swamp_ruin_rubble_1,
          infiniplex_staircase_pool
Swamp:2:  layout_basic_swamp, nicolae_swamp_treefoil
Swamp:3:  layout_falls_marsh, hangedman_swamp_ruin_wall,
          infiniplex_staircase_pool_2
Swamp:4:  byrel_swamp_growth_death_and_undeath, layout_basic_swamp, swamp_pool4,
          statue_in_the_mist_lemuel, hangedman_swamp_pad,
          nicolae_swamp_round_clearing, grunt_witch_cave
Snake:1:  layout_basic, serial_shops, nicolae_shop_competitors_out_of_business
Snake:2:  layout_onion_interference, uniq_aizul
Snake:3:  layout_misc_corridors, basic_altar, grunt_megastairs_1, uniq_vashnia
Snake:4:  grunt_snake_rune_pools, layout_basic, lemuel_fruit_tree,
          serial_bayou_shore_a, minmay_shoptagon
Orc:1:    layout_caves, basic_altar, nicolae_volcano_entry_batcave
Orc:2:    st_orc_open, layout_caves, portal_ice_cave_entry_pillars_1,
          serial_shops, shop, mines2_david

Notes
Turn   | Place    | Note
-------+----------+-------------------------------------------
     0 | D:1      | phalm the Demonspawn Conjurer began the quest for the Orb.
     0 | D:1      | Reached XP level 1. HP: 13/13 MP: 3/3
     0 | D:1      | magus.rc [v1.9.10]
   230 | D:1      | Gained mutation: A weak demonic guardian rushes to your
                  | aid. [demonic ancestry]
   230 | D:1      | Reached XP level 2. HP: 19/19 MP: 3/5
   372 | D:1      | Learned a level 2 spell: Searing Ray
  1131 | D:2      | Reached skill level 3 in Spellcasting
  1131 | D:2      | Reached XP level 3. HP: 24/24 MP: 0/7
  1164 | D:1      | HP: 6/24 [adder (4)]
  1166 | D:1      | HP: 2/24 [adder (4)]
  1456 | D:2      | Found a sparkling altar of Nemelex Xobeh.
  1498 | D:2      | Gained mutation: When hurt, damage is shared between your
                  | health and your magic reserves. [demonic ancestry]
  1498 | D:2      | Reached XP level 4. HP: 30/30 MP: 0/9
  1939 | D:2      | Reached skill level 4 in Spellcasting
  2067 | D:2      | Found a snail-covered altar of Cheibriados.
  2213 | D:2      | Gained mutation: You have a pair of small antennae on your
                  | head. [demonic ancestry]
  2213 | D:2      | Reached XP level 5. HP: 35/35 MP: 5/11
  2324 | D:2      | Learned a level 4 spell: Fulminant Prism
  2329 | D:2      | Learned a level 4 spell: Iskenderun's Mystic Blast
  2612 | D:3      | Found a burning altar of Makhleb.
  2669 | D:3      | Found an ancient bone altar of Kikubaaqudgha.
  2993 | D:3      | Reached skill level 5 in Conjurations
  3245 | D:3      | You pick up a book of Transfigurations and begin reading...
  3245 | D:3      | You add the spells Irradiate, Statue Form, Hydra Form and
                  | Dragon Form to your library.
  3265 | D:3      | Reached skill level 1 in Translocations
  3460 | D:3      | Found a faded altar of an unknown god.
  3595 | D:3      | Found an iron altar of Okawaru.
  3720 | D:3      | Found a shimmering blue altar of Sif Muna.
  4013 | D:4      | Reached XP level 6. HP: 41/41 MP: 4/12
  4200 | D:4      | Reached skill level 2 in Translocations
  4281 | D:4      | Reached skill level 5 in Spellcasting
  4528 | D:4      | HP: 10/41 [poisoned by a worker ant]
  4534 | D:4      | HP: 7/41 [poisoned by a worker ant]
  4540 | D:4      | HP: 4/41 [poisoned by a worker ant]
  4545 | D:4      | HP: 3/41 [poisoned by a worker ant]
  4553 | D:4      | HP: 2/41 [poisoned by a worker ant]
  4956 | D:4      | Gained mutation: You have a pair of antennae on your head.
                  | [demonic ancestry]
  4956 | D:4      | Reached XP level 7. HP: 39/46 MP: 6/14
  5201 | D:4      | Reached skill level 3 in Translocations
  5370 | D:4      | Found a blossoming altar of Fedhas.
  5924 | D:5      | Entered Level 5 of the Dungeon
  6085 | D:5      | Found a staircase to the Ecumenical Temple.
  6093 | Temple   | Entered the Ecumenical Temple
  6212 | Temple   | Became a worshipper of Vehumet
  6427 | D:5      | Found a burning altar of Makhleb.
  6711 | D:5      | Found Gozag's Platinum Reserve.
  6715 | D:5      | Found an opulent altar of Gozag.
  6851 | D:5      | Found a runed translucent door.
  6852 | D:5      | Noticed Crazy Yiuf
  6858 | D:5      | Killed Crazy Yiuf
  7303 | D:6      | You pick up a book of Air and begin reading...
  7303 | D:6      | You add the spells Shock, Swiftness, Static Discharge,
                  | Airstrike and Lightning Bolt to your library.
  7354 | D:6      | Learned a level 5 spell: Irradiate
  7480 | D:6      | Reached skill level 6 in Spellcasting
  7480 | D:6      | Reached skill level 4 in Translocations
  7676 | D:6      | Reached skill level 1 in Transmutations
  7676 | D:6      | Reached XP level 8. HP: 52/52 MP: 12/17
  7780 | D:6      | Reached skill level 6 in Conjurations
  7791 | D:6      | Reached * piety under Vehumet
  7791 | D:6      | Offered knowledge of Foxfire by Vehumet.
  7792 | D:6      | Reached skill level 1 in Hexes
  8058 | D:6      | Reached skill level 2 in Transmutations
  8596 | D:7      | HP: 13/52 [poisoned by a worker ant]
  8603 | D:7      | HP: 11/52 [poisoned by a worker ant]
  8610 | D:7      | HP: 10/52 [poisoned by a worker ant]
  8618 | D:7      | HP: 10/52 [poisoned by a worker ant]
  8913 | D:7      | Noticed Menkaure
  8973 | D:7      | Killed Menkaure
  9203 | D:7      | Found a runed translucent gate.
  9204 | D:7      | Found a runed translucent gate.
  9204 | D:7      | Found a runed translucent gate.
  9204 | D:7      | Noticed a kobold demonologist
  9205 | D:7      | Noticed ubername's ghost (novice BaBe)
  9238 | D:7      | Found a white marble altar of Elyvilon.
  9239 | D:7      | Found a stormy altar of Qazlal.
  9240 | D:7      | Found a hazy altar of Hepliaklqana.
  9275 | D:7      | Reached skill level 2 in Hexes
  9275 | D:7      | Reached skill level 5 in Translocations
  9362 | D:7      | Reached skill level 3 in Transmutations
  9589 | D:7      | Reached skill level 7 in Spellcasting
  9755 | D:7      | Found a basalt altar of Yredelemnul.
  9761 | D:7      | Found a glowing golden altar of the Shining One.
  9798 | D:7      | Noticed an angel
  9904 | D:8      | Gained mutation: A demonic guardian rushes to your aid.
                  | [demonic ancestry]
  9904 | D:8      | Reached XP level 9. HP: 46/57 MP: 15/19
 10327 | D:8      | Offered knowledge of Freeze by Vehumet.
 10345 | D:8      | Reached ** piety under Vehumet
 10371 | D:8      | Reached skill level 4 in Transmutations
 10698 | D:8      | Reached skill level 3 in Hexes
 10982 | D:8      | Reached skill level 7 in Conjurations
 11530 | D:9      | Found a runed translucent door.
 11530 | D:9      | Found a shimmering altar of Xom.
 11530 | D:9      | Noticed a +1 long sword of chaos
 11530 | D:9      | Noticed Zeld's ghost (novice DDFi)
 11547 | D:9      | Found a runed translucent door.
 11653 | D:9      | Reached skill level 8 in Spellcasting
 11656 | D:9      | Reached skill level 2 in Dodging
 11662 | D:9      | Reached skill level 5 in Transmutations
 11668 | D:9      | Reached skill level 1 in Fighting
 11668 | D:9      | Reached skill level 1 in Staves
 11668 | D:9      | Reached skill level 1 in Armour
 11904 | D:9      | Gained mutation: Your magical and physical power is
                  | slightly enhanced at high health. [demonic ancestry]
 11904 | D:9      | Reached XP level 10. HP: 66/66 MP: 22/22
 12005 | D:9      | Reached skill level 4 in Hexes
 12132 | D:9      | Offered knowledge of Mephitic Cloud by Vehumet.
 12135 | D:9      | Reached skill level 2 in Fighting
 12146 | D:9      | Learned a level 3 spell: Mephitic Cloud
 12482 | D:9      | Noticed a two-headed ogre
 12489 | D:9      | Killed a two-headed ogre
 12490 | D:9      | Reached skill level 2 in Staves
 12490 | D:9      | Reached skill level 2 in Armour
 12490 | D:9      | Reached skill level 1 in Air Magic
 12490 | D:9      | Reached skill level 1 in Poison Magic
 12547 | D:9      | Found a runed translucent door.
 12558 | D:9      | Found a runed translucent door.
 12579 | D:9      | Found a runed translucent door.
 12613 | D:9      | Found a staircase to the Lair.
 12815 | D:9      | Noticed an orange crystal statue
 12884 | D:9      | HP: 15/68 [yak[an orange crystal statue] (10)]
 12886 | D:9      | HP: 2/68 [yak[an orange crystal statue] (10)]
 12894 | D:9      | HP: 17/68 [yak[an orange crystal statue] (3)]
 13251 | Lair:1   | Entered Level 1 of the Lair of Beasts
 13258 | Lair:1   | Got a pair of slimy boots
 13269 | Lair:1   | Identified the cursed +0 pair of boots "Rutoxi" {Str+3}
                  | (You found it on level 1 of the Lair of Beasts)
 13454 | Lair:1   | Noticed Maggie
 13461 | Lair:1   | Killed Maggie
 13462 | Lair:1   | Reached skill level 3 in Dodging
 13465 | Lair:1   | Reached skill level 2 in Poison Magic
 13605 | Lair:1   | Reached skill level 2 in Air Magic
 13845 | Lair:1   | You pick up a book of Maledictions and begin reading...
 13845 | Lair:1   | You add the spells Corona, Ensorcelled Hibernation,
                  | Confusing Touch and Tukima's Dance to your library.
 13851 | Lair:1   | You add the spells Sting, Poisonous Vapours, Ignite Poison
                  | and Olgreb's Toxic Radiance to your library.
 13857 | Lair:1   | Learned a level 4 spell: Olgreb's Toxic Radiance
 13861 | Lair:1   | Learned a level 3 spell: Ignite Poison
 13866 | Lair:1   | Noticed Fannar
 13876 | Lair:1   | Killed Fannar
 13977 | Lair:1   | Got a polished ring mail
 14120 | Lair:1   | Noticed a seven-headed hydra
 14126 | Lair:1   | Killed a seven-headed hydra
 14127 | Lair:1   | Reached skill level 9 in Spellcasting
 14127 | Lair:1   | Reached skill level 1 in Fire Magic
 14127 | Lair:1   | Gained mutation: You have a pair of large antennae on your
                  | head. (SInv) [demonic ancestry]
 14127 | Lair:1   | Reached XP level 11. HP: 74/74 MP: 24/24
 14138 | Lair:1   | Identified the +2 ring mail "Benec" {*Slow rElec rF++
                  | rCorr} (You found it on level 1 of the Lair of Beasts)
 14175 | Lair:1   | Reached *** piety under Vehumet
 14176 | Lair:1   | Reached skill level 3 in Fighting
 14573 | Lair:2   | Reached skill level 3 in Poison Magic
 14833 | Lair:2   | Reached skill level 6 in Transmutations
 14836 | Lair:2   | Noticed a four-headed hydra
 14845 | Lair:2   | Reached skill level 3 in Staves
 14845 | Lair:2   | Killed a four-headed hydra
 14846 | Lair:2   | Reached skill level 5 in Hexes
 14846 | Lair:2   | Reached skill level 2 in Fire Magic
 14853 | Lair:2   | Reached skill level 3 in Armour
 14888 | Lair:2   | Found a staircase to the Snake Pit.
 14904 | Lair:2   | Found a gate leading to a gauntlet.
 14913 | Gauntlet | Entered a Gauntlet
 14913 | Gauntlet | Found a transporter.
 14913 | Gauntlet | Found a transporter.
 15024 | Gauntlet | Found a transporter.
 15026 | Gauntlet | Noticed an oklob plant
 15037 | Gauntlet | Found a transporter.
 15051 | Gauntlet | Noticed a seven-headed hydra
 15054 | Gauntlet | Found a transporter.
 15054 | Gauntlet | Found a transporter.
 15054 | Gauntlet | Found a transporter.
 15056 | Gauntlet | Found a transporter.
 15056 | Gauntlet | Found a transporter.
 15060 | Gauntlet | Noticed a ghost crab
 15061 | Gauntlet | Found a runed translucent door.
 15061 | Gauntlet | Found a runed translucent door.
 15068 | Gauntlet | Found a transporter.
 15082 | Gauntlet | Noticed a blizzard demon
 15084 | Gauntlet | Found a transporter.
 15091 | Gauntlet | Noticed a death yak
 15092 | Gauntlet | Noticed a death yak
 15092 | Gauntlet | Noticed a death yak
 15093 | Gauntlet | Noticed a death yak
 15095 | Gauntlet | Noticed a death yak
 15097 | Gauntlet | Found a transporter.
 15108 | Gauntlet | Found a transporter.
 15127 | Gauntlet | Found a transporter.
 15127 | Gauntlet | Noticed an oklob plant
 15337 | Gauntlet | Killed an oklob plant
 15338 | Gauntlet | Reached skill level 8 in Conjurations
 15342 | Gauntlet | You pick up a book of Cantrips and begin reading...
 15342 | Gauntlet | You add the spells Animate Skeleton, Summon Small Mammal
                  | and Apportation to your library.
 15405 | Gauntlet | Got a pair of dazzling boots
 15412 | Gauntlet | Killed a seven-headed hydra
 15413 | Gauntlet | Reached skill level 4 in Poison Magic
 15629 | Gauntlet | Identified the +1 pair of boots "Xucy" {Will+++ Int+2} (You
                  | found it in a Gauntlet)
 15650 | Gauntlet | Killed a death yak
 15650 | Gauntlet | Offered knowledge of Frozen Ramparts by Vehumet.
 15650 | Gauntlet | Killed a death yak
 15651 | Gauntlet | Reached skill level 4 in Fighting
 15651 | Gauntlet | Reached skill level 4 in Dodging
 15651 | Gauntlet | Reached skill level 3 in Fire Magic
 15654 | Gauntlet | Killed a death yak
 15654 | Gauntlet | Killed a death yak
 15654 | Gauntlet | Killed a death yak
 15655 | Gauntlet | Gained mutation: You regenerate magic rapidly. [demonic
                  | ancestry]
 15655 | Gauntlet | Reached XP level 12. HP: 70/83 MP: 25/25
 15714 | Gauntlet | Got a clouded iron ring
 15725 | Gauntlet | Identified the ring "Wusuot" {*Slow rElec rC+ Str+4 SInv}
                  | (You found it in a Gauntlet)
 15780 | Gauntlet | Noticed a minotaur
 15785 | Gauntlet | Killed a minotaur
 15786 | Gauntlet | Reached skill level 7 in Transmutations
 15786 | Gauntlet | Reached skill level 5 in Poison Magic
 15821 | Gauntlet | Got a dazzling chain mail
 15845 | Gauntlet | Identified the +1 chain mail of Joqa {Stlth+} (You found it
                  | in a Gauntlet)
 16029 | Lair:2   | Reached skill level 4 in Fire Magic
 16052 | Lair:2   | Reached skill level 4 in Armour
 16075 | Lair:2   | Reached skill level 4 in Staves
 16313 | Lair:2   | Reached **** piety under Vehumet
 16359 | Lair:2   | Reached skill level 10 in Spellcasting
 16371 | Lair:2   | Offered knowledge of Sticky Flame by Vehumet.
 17135 | Lair:2   | You add the spells Corpse Rot, Stone Arrow, Summon Forest,
                  | Eringya's Noxious Bog and Summon Hydra to your library.
 17156 | Lair:2   | Noticed an eight-headed hydra
 17162 | Lair:2   | Killed an eight-headed hydra
 17233 | Lair:2   | Reached skill level 5 in Fire Magic
 17532 | Lair:2   | Reached skill level 1 in Evocations
 17607 | Lair:2   | Reached skill level 5 in Fighting
 17721 | Lair:2   | Reached skill level 1 in Shields
 17721 | Lair:2   | Reached skill level 1 in Ice Magic
 17734 | Lair:2   | Found a staircase to the Swamp.
 18051 | Lair:3   | Noticed a seven-headed hydra
 18056 | Lair:3   | Killed a seven-headed hydra
 18057 | Lair:3   | Reached skill level 5 in Dodging
 18150 | Lair:3   | Reached skill level 2 in Evocations
 18331 | Lair:3   | Gained mutation: You are partially covered in thin metallic
                  | scales. (AC +2) [demonic ancestry]
 18331 | Lair:3   | Reached XP level 13. HP: 77/91 MP: 27/27
 18586 | Lair:3   | Reached skill level 6 in Poison Magic
 19069 | Lair:4   | Reached ***** piety under Vehumet
 19070 | Lair:4   | Reached skill level 2 in Shields
 19070 | Lair:4   | Reached skill level 2 in Ice Magic
 19072 | Lair:4   | Offered knowledge of Iron Shot by Vehumet.
 19083 | Lair:4   | Learned a level 6 spell: Iron Shot
 19363 | Lair:4   | Reached skill level 6 in Fire Magic
 19587 | Lair:4   | Reached skill level 5 in Staves
 19724 | Lair:4   | Reached skill level 1 in Earth Magic
 19861 | Lair:4   | Noticed Urug
 19867 | Lair:4   | Killed Urug
 20401 | Lair:5   | Reached skill level 3 in Evocations
 20540 | Lair:5   | Reached skill level 2 in Earth Magic
 21103 | Lair:5   | Reached skill level 7 in Poison Magic
 21104 | Lair:5   | Reached skill level 6 in Fighting
 21104 | Lair:5   | Reached skill level 3 in Shields
 21104 | Lair:5   | Reached skill level 3 in Ice Magic
 21363 | Lair:5   | Reached skill level 3 in Earth Magic
 21882 | Lair:6   | Entered Level 6 of the Lair of Beasts
 21886 | Lair:6   | Offered knowledge of Starburst by Vehumet.
 21889 | Lair:6   | Reached skill level 6 in Dodging
 21893 | Lair:6   | Reached skill level 7 in Fire Magic
 21896 | Lair:6   | Gained mutation: You are mostly covered in thin metallic
                  | scales. (AC +3) [demonic ancestry]
 21896 | Lair:6   | Reached XP level 14. HP: 64/100 MP: 19/28
 21912 | Lair:6   | Reached skill level 1 in Throwing
 22468 | Lair:6   | Reached skill level 4 in Earth Magic
 22472 | Lair:6   | Reached skill level 4 in Evocations
 22670 | Lair:6   | You pick up a book of Geomancy and begin reading...
 22670 | Lair:6   | You add the spells Sandblast, Passwall, Petrify and Lee's
                  | Rapid Deconstruction to your library.
 22731 | Lair:6   | Reached skill level 2 in Throwing
 22747 | Lair:6   | Reached skill level 4 in Ice Magic
 22888 | Lair:6   | Reached skill level 6 in Staves
 23297 | Lair:6   | Reached skill level 4 in Shields
 23412 | Lair:6   | Found a viscous altar of Jiyva.
 23412 | Lair:6   | Found a staircase to the Slime Pits.
 23427 | Lair:6   | Offered knowledge of Conjure Ball Lightning by Vehumet.
 23683 | Lair:6   | Reached skill level 11 in Spellcasting
 23896 | Lair:6   | Reached skill level 5 in Earth Magic
 24331 | D:7      | Killed ubername's ghost
 24585 | D:9      | Reached skill level 9 in Conjurations
 24585 | D:9      | Killed Zeld's ghost
 24626 | D:9      | Identified the Incunabulum of the Playwright
 24627 | D:9      | You add the spells Foxfire, Hailstorm, Iskenderun's
                  | Battlesphere and Bolt of Magma to your library.
 24680 | D:9      | Reached skill level 7 in Fighting
 24753 | D:10     | Entered Level 10 of the Dungeon
 24968 | D:10     | You pick up a book of Necromancy and begin reading...
 24968 | D:10     | You add the spells Pain, Vampiric Draining, Animate Dead
                  | and Agony to your library.
 25223 | D:10     | Noticed Grum
 25225 | D:10     | Reached skill level 3 in Throwing
 25229 | D:10     | Killed Grum
 25299 | D:10     | You pick up a book of Flames and begin reading...
 25299 | D:10     | You add the spells Conjure Flame, Inner Flame, Sticky Flame
                  | and Fireball to your library.
 25344 | D:10     | You pick up a book of Necromancy and begin reading...
 25356 | D:10     | Found a staircase to the Orcish Mines.
 25792 | Orc:1    | Entered Level 1 of the Orcish Mines
 25831 | Orc:1    | Found a dark tunnel.
 25840 | Volcano  | Entered a volcano
 25990 | Volcano  | Reached XP level 15. HP: 99/108 MP: 30/30
 26009 | Volcano  | Reached skill level 5 in Evocations
 26477 | Volcano  | U - a quick blade of flaming {rare}
 26827 | Orc:2    | Entered Level 2 of the Orcish Mines
 26880 | Orc:2    | Found Puscham's Magic Scroll Emporium.
 26888 | Orc:2    | Reached skill level 7 in Dodging
 26892 | Orc:2    | HP: 26/108 [two-headed ogre/+0 giant club (2)]
 26896 | Orc:2    | Reached skill level 3 in Air Magic
 26906 | Orc:2    | HP: 23/108 [troll (13)]
 26912 | Orc:2    | HP: 8/108 [deep troll (16)]
 26917 | Orc:2    | Reached skill level 6 in Earth Magic
 26980 | Orc:2    | Offered knowledge of Yara's Violent Unravelling by Vehumet.
 26993 | Orc:2    | Reached skill level 5 in Ice Magic
 26998 | Orc:2    | Found Cup Xae's Antique Armour Shoppe.
 27005 | Orc:2    | Found Nupusi's Weapon Emporium.
 27007 | Orc:2    | Found Cicsi's General Store.
 27030 | Orc:2    | Bought a shadowed robe for 165 gold pieces
 27040 | Orc:2    | Identified the cursed +0 robe "Jad Sate" {*Contam rPois
                  | rCorr Stlth+} (You bought it in a shop on level 2 of the
                  | Orcish Mines)
 27069 | Orc:2    | Found Husogi Enunn's Antique Armour Shoppe.
 27095 | Orc:2    | Found a staircase to the Elven Halls.
 27105 | Orc:2    | Found a roughly hewn altar of Beogh.
 27106 | Orc:2    | Found a frozen archway.
 27117 | Orc:2    | Noticed an orc warlord
 27126 | Orc:2    | Killed an orc warlord
 27128 | IceCv    | Entered an ice cave
 27695 | IceCv    | Reached ****** piety under Vehumet
 27700 | IceCv    | Reached skill level 4 in Throwing
 28002 | IceCv    | Reached skill level 7 in Staves
 28130 | IceCv    | Offered knowledge of Spellforged Servitor by Vehumet.
 28232 | IceCv    | Learned a level 7 spell: Spellforged Servitor
 28705 | IceCv    | Reached skill level 1 in Summonings
 28711 | IceCv    | Found the ring of Shadows {Umbra +Inv Stlth+}
 28713 | IceCv    | You pick up a book of Dreams and begin reading...
 28713 | IceCv    | You add the spells Borgnjor's Vile Clutch, Silence and
                  | Shadow Creatures to your library.
 28715 | IceCv    | Got a sparkling ivory ring
 28726 | IceCv    | Identified the ring "Keraror" {rC+ rN+ Will- Str+2 Dex+4}
                  | (You found it in an ice cave)
 29545 | Orc:2    | Bought the +18 shield of the Gong {rElec rN+ Will+ EV-5}
                  | for 1362 gold pieces
 29545 | Orc:2    | Found the +18 shield of the Gong {rElec rN+ Will+ EV-5}
 29575 | Orc:2    | Bought a pair of glowing boots for 217 gold pieces
 29575 | Orc:2    | Bought a glowing kite shield for 217 gold pieces
 29768 | Lair:2   | You drop a quick blade of flaming {rare}.
 30064 | D:11     | Found Luf Jaaq's Antique Weapon Emporium.
 30072 | D:11     | Bought a warped quarterstaff for 270 gold pieces
 30077 | D:11     | Identified the +0 quarterstaff "Miumatuh" {pain, Will+}
                  | (You bought it in a shop on level 11 of the Dungeon)
 30253 | D:11     | Found a glowing silver altar of Zin.
 30416 | D:11     | Reached skill level 4 in Air Magic
 30482 | D:11     | You pick up a book of Transfigurations and begin reading...
 31154 | D:12     | Offered knowledge of Ozocubu's Refrigeration by Vehumet.
 31171 | D:12     | Noticed Nergalle
 31179 | D:12     | Killed Nergalle
 31180 | D:12     | Reached skill level 7 in Earth Magic
 31292 | Lair:2   | Learned a level 6 spell: Ozocubu's Refrigeration
 31981 | D:12     | Noticed Josephine
 31990 | D:12     | Killed Josephine
 31991 | D:12     | Reached skill level 2 in Summonings
 31991 | D:12     | Reached skill level 6 in Evocations
 32319 | D:12     | Reached skill level 8 in Fighting
 32610 | D:12     | Found a roughly hewn altar of Beogh.
 32949 | D:13     | Offered knowledge of Ignition by Vehumet.
 32950 | D:13     | Gained mutation: Your magical and physical power is
                  | enhanced at high health. [demonic ancestry]
 32950 | D:13     | Reached XP level 16. HP: 94/116 MP: 31/31
 33363 | D:13     | Identified the ring "Tuerphaff" {+Fly rF+}
 33735 | D:13     | Found Hacserynk's Hallowed Reliquary.
 33737 | D:13     | Found a white marble altar of Elyvilon.
 33746 | D:13     | Bought 2 potions of heal wounds for 130 gold pieces
 34400 | D:14     | Noticed Rupert
 34406 | D:14     | Reached skill level 3 in Summonings
 34413 | D:14     | Killed Rupert
 34414 | D:14     | Reached skill level 6 in Ice Magic
 34414 | D:14     | Found a gate to the Vaults.
 34553 | D:14     | HP: 24/117 [skeletal warrior/+0 glaive (14)]
 35420 | D:14     | Reached skill level 10 in Conjurations
 35598 | D:15     | Entered Level 15 of the Dungeon
 35627 | D:15     | Got a transparent ring mail
 35772 | D:15     | Reached skill level 4 in Summonings
 36021 | D:15     | Reached skill level 5 in Throwing
 36319 | D:15     | You pick up a book of Cantrips and begin reading...
 36451 | D:15     | Reached skill level 8 in Earth Magic
 36455 | D:15     | Reached skill level 8 in Dodging
 37212 | D:15     | Found a staircase to the Depths.
 37233 | D:15     | Reached skill level 5 in Air Magic
 37506 | D:15     | Found a portal to a secret trove of treasure.
 37757 | Orc:2    | Bought a scroll of fog for 28 gold pieces
 37989 | D:15     | This trove needs 6 scrolls of fog to function. Give it the
                  | items?
 37989 | D:15     | You paid a toll of 6 scrolls of fog to enter a treasure
                  | trove
 37990 | Trove    | Entered a treasure trove
 38309 | Swamp:1  | Entered Level 1 of the Swamp
 38563 | Swamp:1  | You pick up a book of Clouds and begin reading...
 38849 | Swamp:1  | Found a runed translucent door.
 38856 | Swamp:1  | Noticed phiIosophr's ghost (adept DrCj)
 39300 | Swamp:1  | Killed phiIosophr's ghost
 39440 | Swamp:1  | Reached skill level 7 in Ice Magic
 39977 | Swamp:2  | Reached skill level 7 in Evocations
 40092 | Swamp:2  | Reached skill level 5 in Summonings
 40487 | Swamp:2  | Gained mutation: When low on magic, you restore magic in
                  | place of health. [demonic ancestry]
 40487 | Swamp:2  | Reached XP level 17. HP: 81/124 MP: 24/32
 40909 | Swamp:3  | Reached skill level 8 in Staves
 41265 | Swamp:3  | Got a jewelled chain mail
 41281 | Swamp:3  | Identified the cursed +1 chain mail "Xyotusch" {rElec MP+9
                  | Str-2} (You found it on level 3 of the Swamp)
 41335 | Swamp:3  | Offered knowledge of Lehudib's Crystal Spear by Vehumet.
 41335 | Swamp:3  | Offered knowledge of Shatter by Vehumet.
 41335 | Swamp:3  | Offered knowledge of Tornado by Vehumet.
 41573 | Swamp:3  | Got a scorched hand crossbow
 41574 | Swamp:3  | Identified the +2 hand crossbow of Magnificence {freeze,
                  | rElec rPois rF- Int+2} (You found it on level 3 of the
                  | Swamp)
 41596 | Swamp:3  | Got a warped great mace
 41970 | Lair:2   | Reached skill level 12 in Spellcasting
 42038 | Snake:1  | Entered Level 1 of the Snake Pit
 42039 | Snake:1  | Found Galetseck's Armour Boutique.
 42397 | Snake:1  | Reached skill level 9 in Fighting
 43206 | Snake:1  | You pick up a book of Cantrips and begin reading...
 43771 | Snake:2  | Noticed Aizul
 43783 | Snake:2  | HP: 28/125 [Aizul (17)]
 43784 | Snake:2  | Killed Aizul
 44634 | Snake:2  | You pick up a book of Fire and begin reading...
 44634 | Snake:2  | You add the spells Starburst and Ignition to your library.
 45346 | Snake:3  | Reached skill level 8 in Ice Magic
 45406 | Snake:3  | Found a stormy altar of Qazlal.
 45747 | Snake:3  | Noticed Vashnia
 45756 | Snake:3  | Reached skill level 6 in Throwing
 45919 | Snake:3  | Killed Vashnia
 45920 | Snake:3  | Reached skill level 6 in Summonings
 45920 | Snake:3  | Reached skill level 6 in Air Magic
 46499 | Snake:3  | Reached XP level 18. HP: 122/133 MP: 13/34
 46761 | Snake:4  | Entered Level 4 of the Snake Pit
 46819 | Snake:4  | Reached skill level 8 in Evocations
 46869 | Snake:4  | Reached skill level 9 in Dodging
 47164 | Snake:4  | Found Miozxa Vifo's Jewellery Boutique.
 47164 | Snake:4  | Found Isoxteg's Assorted Antiques.
 47995 | Snake:4  | Reached skill level 9 in Staves
 47995 | Snake:4  | Reached skill level 9 in Ice Magic
 48087 | Snake:4  | Reached skill level 9 in Earth Magic
 48388 | Snake:4  | Reached skill level 13 in Spellcasting
 48431 | Snake:4  | Reached skill level 10 in Fighting
 48432 | Snake:4  | Reached skill level 11 in Conjurations
 48830 | Snake:4  | Got a serpentine rune of Zot
 48983 | Lair:2   | Identified the +1 ring mail of the Other Side {Slay+2} (You
                  | found it on level 15 of the Dungeon)
 49228 | Swamp:4  | Entered Level 4 of the Swamp
 49284 | Swamp:4  | Reached skill level 7 in Summonings
 49843 | Swamp:4  | You pick up a book of Callings and begin reading...
 49843 | Swamp:4  | You add the spells Call Imp, Call Canine Familiar, Summon
                  | Guardian Golem, Summon Lightning Spire and Summon Ice Beast
                  | to your library.
 49939 | Swamp:4  | Got a smoking leather armour
 49999 | Swamp:4  | Identified the cursed +0 leather armour of Amorality {rF-
                  | rC+ Dex+2} (You found it on level 4 of the Swamp)
 50240 | Swamp:4  | HP: 31/135 [27-headed hydra zombie (7)]
 50240 | Swamp:4  | HP: 15/135 [27-headed hydra zombie (1)]
 50240 | Swamp:4  | HP: 6/135 [27-headed hydra zombie (4)]
 50240 | Swamp:4  | HP: 1/135 [27-headed hydra zombie (5)]
 50240 | Swamp:4  | Slain by a spectral eight-headed hydra

Vanquished Creatures
  Vashnia (Snake:3)
  Rupert (D:14)
  The ghost of phiIosophr the Fighter, an adept DrCj of Vehumet (Swamp:1)
  10 nagarajas
  Aizul (Snake:2)
  An orc warlord (Orc:2)
  A frost giant (D:15)
  A white draconian (IceCv)
  A minotaur (Gauntlet)
  3 bunyips (Swamp:4)
  5 eleionomae
  Josephine (D:12)
  2 boulder beetles (Lair:6)
  A ghost crab (Swamp:4)
  15 hydras
  11 anacondas
  11 naga warriors
  6 centaur warriors
  8 alligators
  13 death yaks
  2 dancing weapons
  A catoblepas (D:15)
  8 two-headed ogres
  2 ogre magi (Orc:2)
  The ghost of Zeld the Severer, a novice DDFi of Makhleb (D:9)
  13 naga sharpshooters
  10 shock serpents
  Nergalle (D:12)
  Urug (Lair:4)
  4 skeletal warriors (D:14)
  The ghost of ubername the Carver, a novice BaBe of Trog (D:7)
  3 salamander mystics
  3 goliath frogs
  11 sea snakes (Snake:4)
  A deep troll (Orc:2)
  3 spriggan druids
  A flayed ghost (Swamp:4)
  4 wizards (Volcano)
  An orange crystal statue (D:9)
  6 unseen horrors
  3 bog bodies
  9 swamp dragons
  5 naga ritualists
  3 orc knights
  2 deep elf magi
  7 mana vipers
  2 will-o-the-wisps (Swamp:2)
  2 cyclopes (Orc:2)
  7 ugly things
  3 manticores
  2 toenail golems (Volcano)
  15 salamanders
  7 guardian serpents
  16 elephants
  An ice statue (IceCv)
  12 naga magi
  3 torpor snails
  37 black mambas
  A centaur zombie (D:14)
  3 centaur skeletons (D:15)
  10 cane toads
  A redback zombie (D:14)
  Maggie (Lair:1)
  6 rime drakes
  6 komodo dragons
  A kobold demonologist (D:7)
  2 efreet (D:15)
  5 yaktaurs (D:15)
  3 meliai (D:15)
  4 bloated husks
  24 polar bears
  A tengu conjurer (D:14)
  A queen bee (Lair:2)
  12 trolls
  7 slime creatures
  8 tyrant leeches
  10 hornets
  6 dream sheep (Lair:6)
  10 blink frogs
  20 spriggans
  18 wyverns
  2 shadows
  6 wraiths
  14 humans (D:14)
  3 fire bats (Orc:1)
  63 yaks
  14 vampire mosquitoes
  6 basilisks
  Grum (D:10)
  Menkaure (D:7)
  49 nagas
  3 wargs
  3 soldier ants
  An acid dragon (D:14)
  13 swamp worms
  28 water moccasins
  3 sky beasts
  25 orc warriors
  8 swamp drakes
  2 phantoms
  3 black bears
  2 necrophages
  2 ice beasts (D:15)
  5 boggarts (Lair:6)
  2 eyes of draining (D:10)
  33 ogres
  52 wolves
  12 centaurs
  11 big kobolds
  8 bullfrogs
  A wyvern zombie (D:14)
  A gnoll sergeant (D:8)
  A scorpion (D:10)
  28 killer bees
  12 wights
  4 electric eels
  A quasit (D:10)
  4 hounds
  5 bullfrog zombies
  22 orc priests
  5 jellies
  Crazy Yiuf (D:5)
  2 bullfrog skeletons (D:10)
  3 iguanas
  23 orc wizards
  9 hell rats
  4 worker ants
  A hound zombie (D:6)
  3 hound skeletons
  9 gnolls
  A howler monkey skeleton (D:6)
  22 adders
  3 shadow imps
  3 white imps
  5 ufetubi
  An ooze (D:2)
  3 adder zombies
  An adder skeleton (D:10)
  2 worms
  4 dart slugs
  10 leopard geckos
  92 orcs
  A ball python (D:4)
  6 bats
  5 giant cockroaches
  11 goblins
  4 hobgoblins
  11 jackals
  8 quokkas
  4 frilled lizards
  A jackal skeleton (D:4)
  18 kobolds
  A leopard gecko skeleton (D:4)
  6 rats
1204 creatures vanquished.

Vanquished Creatures (collateral kills)
  A nagaraja (Snake:4)
  Fannar (Lair:1)
  4 hydras
  An anaconda (Snake:1)
  4 two-headed ogres
  A death yak (IceCv)
  A naga sharpshooter (Snake:3)
  A fire crab (Lair:6)
  A sea snake (Snake:4)
  A wizard (Volcano)
  2 swamp dragons (Swamp:3)
  A deep troll (Orc:2)
  A bog body (Lair:2)
  An oklob plant (Gauntlet)
  An ugly thing (D:12)
  A centaur zombie (D:13)
  3 toenail golems (Volcano)
  4 cane toads
  2 rime drakes
  2 komodo dragons
  A polar bear (Lair:1)
  2 trolls (Orc:2)
  4 blink frogs
  A spriggan (Swamp:2)
  2 wyverns
  2 humans (D:14)
  2 basilisks
  15 yaks
  2 acid dragons
  7 water moccasins
  4 wolves
  2 bullfrogs
  A killer bee (D:8)
  An orc (D:4)
  A giant cockroach zombie (D:6)
81 creatures vanquished.

Vanquished Creatures (others)
  A hornet (Lair:6)
  A jackal (D:7)
  A demonic plant (Gauntlet)
  4 foxfires (Swamp:2)
  12 fulminant prisms
  37 fungi
  75 plants
131 creatures vanquished.

Grand Total: 1416 creatures vanquished

Table legend:
 A = Non-vault XP
 B = Vault XP
 C = Vault XP percentage of total XP
 D = Non-vault monster count
 E = Vault monster count
 F = Vault count percentage of total count
                 A         B        C        D         E       F
            +---------+---------+-------+---------+---------+-------
      Total |  221887 |  150833 |  40.5 |     833 |     453 |  35.2
            +---------+---------+-------+---------+---------+-------
        D:1 |      56 |       0 |   0.0 |      24 |       0 |   0.0
        D:2 |     161 |       4 |   2.4 |      24 |       1 |   4.0
        D:3 |     124 |       1 |   0.8 |      27 |       1 |   3.6
        D:4 |     551 |       0 |   0.0 |      31 |       0 |   0.0
        D:5 |     125 |      39 |  23.8 |      11 |       1 |   8.3
        D:6 |     840 |       0 |   0.0 |      24 |       0 |   0.0
        D:7 |     580 |    2116 |  78.5 |      22 |      11 |  33.3
        D:8 |    1619 |       0 |   0.0 |      36 |       0 |   0.0
        D:9 |    2138 |    4305 |  66.8 |      15 |      15 |  50.0
       D:10 |    2673 |    1081 |  28.8 |      39 |      14 |  26.4
       D:11 |    2113 |       0 |   0.0 |       7 |       0 |   0.0
       D:12 |    6470 |    3571 |  35.6 |      26 |      32 |  55.2
       D:13 |    7929 |       0 |   0.0 |      41 |       0 |   0.0
       D:14 |   11716 |    7866 |  40.2 |      34 |      21 |  38.2
       D:15 |   13515 |    2896 |  17.6 |      40 |       3 |   7.0
     Lair:1 |    2355 |    1217 |  34.1 |       9 |       2 |  18.2
     Lair:2 |    5697 |    7678 |  57.4 |      24 |      53 |  68.8
     Lair:3 |    6704 |       0 |   0.0 |      28 |       0 |   0.0
     Lair:4 |    7744 |    1848 |  19.3 |      25 |       4 |  13.8
     Lair:5 |    7005 |    4874 |  41.0 |      27 |      25 |  48.1
     Lair:6 |   16580 |   12651 |  43.3 |      41 |      60 |  59.4
    Swamp:1 |    7375 |    2134 |  22.4 |      16 |       1 |   5.9
    Swamp:2 |   11442 |       0 |   0.0 |      19 |       0 |   0.0
    Swamp:3 |    9851 |       0 |   0.0 |      21 |       0 |   0.0
    Swamp:4 |   12461 |    6586 |  34.6 |      22 |      13 |  37.1
    Snake:1 |   14452 |       0 |   0.0 |      30 |       0 |   0.0
    Snake:2 |   13778 |    1713 |  11.1 |      26 |       1 |   3.7
    Snake:3 |   23221 |    9328 |  28.7 |      38 |       7 |  15.6
    Snake:4 |   25955 |   37443 |  59.1 |      43 |      58 |  57.4
      Orc:1 |     992 |     588 |  37.2 |      17 |       3 |  15.0
      Orc:2 |    5665 |   14794 |  72.3 |      46 |      46 |  50.0
      IceCv |       0 |   14395 | 100.0 |       0 |      59 | 100.0
    Volcano |       0 |    5945 | 100.0 |       0 |      11 | 100.0
   Gauntlet |       0 |    7760 | 100.0 |       0 |      11 | 100.0
            +---------+---------+-------+---------+---------+-------

Illustrated notes

Table legend:
 A = Kills in this place as a percentage of kills in entire the game.
 B = Kills by you in this place as a percentage of kills by you in the entire game.
 C = Kills by friends in this place as a percentage of kills by friends in the entire game.
 D = Other kills in this place as a percentage of other kills in the entire game.
 E = Experience gained in this place as a percentage of experience gained in the entire game.
 F = Experience gained in this place divided by the number of levels of this place that you have seen.
                   A       B       C       D       E      F
               +-------+-------+-------+-------+-------+----------------------
         Total | 100.0 | 100.0 | 100.0 | 100.0 | 100.0 | 10353.3
       Dungeon |  38.9 |  40.0 |  22.2 |   0.0 |  19.4 | 4832.6
          Lair |  23.2 |  21.2 |  51.9 | 100.0 |  19.9 | 12392.2
         Swamp |   7.2 |   7.4 |   3.7 |   0.0 |  13.4 | 12462.2
     Snake Pit |  15.8 |  16.5 |   4.9 |   0.0 |  33.8 | 31472.5
  Orcish Mines |   8.7 |   8.8 |   7.4 |   0.0 |   5.9 | 11019.5
      Ice Cave |   4.6 |   4.8 |   1.2 |   0.0 |   3.9 | 14395.0
       Volcano |   0.9 |   0.6 |   4.9 |   0.0 |   1.6 | 5945.0
      Gauntlet |   0.9 |   0.7 |   3.7 |   0.0 |   2.1 | 7760.0
               +-------+-------+-------+-------+-------+----------------------

Table legend: (Time is in decaauts)
 A = Elapsed time spent in this place.
 B = Non-inter-level travel time spent in this place.
 C = Inter-level travel time spent in this place.
 D = Time resting spent in this place.
 E = Time spent auto-exploring this place.
 F = Levels seen in this place.
 G = Mean time per level.
                   A        B        C        D        E       F      G
               +--------+--------+--------+--------+--------+-----+--------+
         Total |  50490 |  47132 |   3358 |    933 |  38807 |  36 | 1402.5 |
       Dungeon |  22858 |  21197 |   1661 |    853 |  17433 |  15 | 1523.9 |
        Temple |    140 |    130 |     10 |      0 |    121 |   1 |  140.0 |
          Lair |  10628 |   9667 |    961 |     40 |   8043 |   6 | 1771.3 |
         Swamp |   4903 |   4707 |    196 |      0 |   4192 |   4 | 1225.8 |
     Snake Pit |   6887 |   6614 |    273 |      5 |   5702 |   4 | 1721.8 |
  Orcish Mines |   1583 |   1327 |    256 |      0 |    712 |   2 |  791.5 |
         Trove |     46 |     46 |      0 |      0 |     40 |   1 |   46.0 |
      Ice Cave |   1757 |   1757 |      0 |      0 |   1397 |   1 | 1757.0 |
       Volcano |    677 |    677 |      0 |      0 |    462 |   1 |  677.0 |
      Gauntlet |   1008 |   1008 |      0 |     35 |    703 |   1 | 1008.0 |
               +--------+--------+--------+--------+--------+-----+--------+

Top non-repeatable levels by time:
  Lair:2: 2831 daAuts
     D:9: 2260 daAuts
  Lair:6: 2210 daAuts
    D:15: 2137 daAuts
 Snake:4: 2057 daAuts
     D:4: 1997 daAuts
   IceCv: 1757 daAuts
 Swamp:1: 1742 daAuts
     D:8: 1698 daAuts
     D:7: 1679 daAuts
 Snake:2: 1677 daAuts
  Lair:5: 1655 daAuts
 Snake:1: 1602 daAuts
    D:12: 1598 daAuts
 Snake:3: 1550 daAuts
